 Dungeon Crawl Stone Soup version 0.28-a0-6-g334057b17a (webtiles) character file.

Game seed: 16538662368133747311

1858 Gynju the Ruffian (level 8, -12/81 HPs)
             Began as a Troll Monk on July 23, 2021.
             Was an Elder of the Shining One.
             Mangled by Edmund (13 damage)
             ... on level 6 of the Dungeon.
             The game lasted 00:05:46 (4006 turns).

Gynju the Ruffian (Troll Monk)                      Turns: 4006, Time: 00:05:47

Health: -12/81     AC:  4    Str: 22    XL:     8   Next: 89%
Magic:  9/9        EV: 11    Int:  6    God:    the Shining One [****..]
Gold:   315        SH:  0    Dex: 12    Spells: 5/10 levels left

rFire   . . .      SeeInvis .     - Unarmed
rCold   . . .      Faith    .   (no shield)
rNeg    + + .      Spirit   .   a - +0 robe
rPois   .          Reflect  .   (helmet restricted)
rElec   .          Harm     .   (no cloak)
rCorr   .          Rampage  .   (gloves unavailable)
Will    .....                   (boots unavailable)
Stlth   +.........              (no amulet)
HPRegen 1.23/turn               (no ring)
MPRegen 0.11/turn               (no ring)

@: lethally poisoned (-12 -> -13), glowing
A: large, unfitting armour, claws 3, regeneration 1, shaggy fur 1, tough skin 1
a: Renounce Religion, Divine Shield, Cleansing Flame


You were on level 6 of the Dungeon.
You worshipped the Shining One.
The Shining One was greatly pleased with you.
You visited 2 branches of the dungeon, and saw 7 of its levels.

You collected 343 gold pieces.
You spent 28 gold pieces at shops.

Inventory:

Missiles
 k - 2 throwing nets (quivered)
Armour
 a - a +0 robe (worn)
Jewellery
 o - a ring of protection from cold
Wands
 p - a wand of paralysis (9)
Scrolls
 c - 5 scrolls of identify {@r1}
 g - 2 scrolls of fear {unknown}
 j - a scroll of summoning {unknown}
 l - a scroll of magic mapping {unknown}
 m - a scroll of blinking {unknown}
 n - a scroll of immolation {unknown}
 r - a scroll of enchant armour {unknown}
 t - a scroll of enchant weapon {unknown}
 u - a scroll of noise {unknown}
 v - a scroll of torment {unknown}
 y - a scroll of fog {unknown}
Potions
 b - a potion of heal wounds {unknown}
 d - a potion of mutation {unknown}
 e - 4 potions of lignification {unknown}
 f - 2 potions of haste {unknown}
 h - 2 potions of brilliance {unknown}
 i - 4 potions of curing {unknown}
 q - 3 potions of degeneration {unknown}
 s - a potion of berserk rage
 w - a potion of might {unknown}
 x - a potion of attraction {unknown}


   Skills:
 + Level 5.6 Fighting
 + Level 5.5 Dodging
 - Level 1.0 Stealth
 + Level 6.7 Unarmed Combat
 + Level 1.9 Spellcasting
 + Level 2.3 Transmutations


You had 5 spell levels left.
You knew the following spells:

 Your Spells              Type           Power      Damage    Failure   Level
a - Blade Hands           Tmut           1%         N/A       99%         5

Your spell library contained the following spells:

 Spells                   Type           Power      Damage    Failure   Level
 Blink                    Tloc           N/A        N/A       54%         2
 Slow                     Hex            0%         N/A       54%         2
 Confusing Touch          Hex            0%         N/A       77%         3
 Portal Projectile        Hex/Tloc       0%         N/A       77%         3
 Excruciating Wounds      Necr           0%         N/A       100%        5
 Manifold Assault         Tloc           0%         N/A       100%        5
 Yara's Violent Unravell  Hex/Tmut       0%         3d3       100%        5
 Storm Form               Tmut/Air       0%         N/A       100%        7


Dungeon Overview and Level Annotations

Branches:
Dungeon (6/15)             Temple (1/1) D:4

Altars:
Ashenzari
Cheibriados
Dithmenos
Elyvilon
Fedhas
Hepliaklqana
Makhleb
Okawaru
Qazlal
Trog
Uskayaw
Vehumet
Wu Jian
Xom
Yredelemnul
The Shining One

Shops:
D:3 ?

Annotations:
D:6 Edmund


Innate Abilities, Weirdness & Mutations

You are too large for most types of armour.
You have claws for hands.
Your natural rate of healing is unusually fast.
You are covered in fur. (AC +1)
You have tough skin. (AC +1)


Message History

Edmund gestures with his flail.
You claw the necrophage!
The necrophage is moderately damaged.
The necrophage misses you. The adder closely misses you.
You scratch the necrophage.
The necrophage is moderately damaged.
The necrophage barely misses you. The adder barely misses you.
You scratch the necrophage.
The necrophage is heavily damaged.
The adder bites you. The necrophage barely misses you.
You claw the necrophage!
The necrophage is almost destroyed.
The adder barely misses you. The necrophage barely misses you.
The adder closely misses you.
You claw the necrophage!
You destroy the necrophage!
The Shining One accepts your kill. The adder barely misses you.
You barely miss the adder. Edmund completely misses you.
The adder bites you but does no damage.
You barely miss the adder.
Edmund says, "Everyone always remembers my brother. 'Who's Edmund?' they ask!"
Edmund drinks a potion.
Edmund goes berserk!
The adder bites you.
You closely miss the adder.
Edmund hits you with a +3 vorpal flail!!
* * * LOW HITPOINT WARNING * * *
x2 The adder bites you but does no damage.
You scratch Edmund but do no damage. Edmund hits you with a +3 vorpal flail!
* * * LOW HITPOINT WARNING * * *
The Shining One protects you from harm! The adder bites you but does no damage.
Edmund hits you with a +3 vorpal flail! The Shining One protects you from harm!
* * * LOW HITPOINT WARNING * * *
You claw Edmund!
Edmund is moderately wounded.
The adder bites you.
* * * LOW HITPOINT WARNING * * *
You are lethally poisoned!
The adder poisons you! Edmund hits you with a +3 vorpal flail!
You die...

#.# ##.#
..####### #####
###.......#
......#.........#
......#.........+
......#.........#
.......@S.......#
.......@†###'####
#####....#
#.###########
#....#
#>...........
#....#
#####.#######
#....#######.##
#....#........#
#...$#........#
#....#........#
######........#


You could see Edmund (berserk) and an adder.

Vanquished Creatures
  Pikel (D:5)
  Sigmund (D:3)
  A black bear (D:4)
  A hornet zombie (D:6)
  A sky beast (D:6)
  2 necrophages
  A centaur (D:5)
  A phantom (D:4)
  2 lemures (D:5)
  2 scorpions
  A bullfrog zombie (D:5)
  A jelly (D:6)
  3 orc priests
  3 hounds
  2 centaur skeletons
  An orc wizard (D:4)
  A hound zombie (D:5)
  A hound skeleton (D:5)
  Robin (D:2)
  3 gnolls (D:3)
  5 adders
  A white imp (D:5)
  2 worms (D:2)
  7 orcs
  5 bats
  4 endoplasms
  3 giant cockroaches
  13 goblins
  12 hobgoblins
  5 jackals (D:2)
  7 kobolds
  3 quokkas
  6 ball pythons
  2 frilled lizards (D:1)
  6 rats
111 creatures vanquished.

Notes
Turn   | Place    | Note
-------+----------+-------------------------------------------
     0 | D:1      | Gynju the Troll Monk began the quest for the Orb.
     0 | D:1      | Reached XP level 1. HP: 22/22 MP: 0/0
   265 | D:1      | Reached XP level 2. HP: 27/29 MP: 1/1
   268 | D:1      | You fall into a shaft and drop 1 floor!
   289 | D:2      | Found a faded altar of an unknown god.
   325 | D:2      | Became a worshipper of the Shining One
   325 | D:2      | Reached * piety under the Shining One
   325 | D:2      | Reached ** piety under the Shining One
   402 | D:2      | Noticed Robin
   430 | D:2      | Killed Robin
   431 | D:2      | Reached XP level 3. HP: 31/36 MP: 2/2
   436 | D:2      | Reached *** piety under the Shining One
   893 | D:2      | Reached XP level 4. HP: 42/45 MP: 3/3
  1260 | D:3      | Noticed Sigmund
  1277 | D:3      | Killed Sigmund
  1278 | D:3      | Reached skill level 4 in Unarmed Combat
  1278 | D:3      | Reached XP level 5. HP: 17/54 MP: 4/4
  1415 | D:3      | Found Zeihuy's Magic Scroll Shop.
  1481 | D:3      | Bought a scroll of identify for 28 gold pieces
  1574 | D:3      | Found a stormy altar of Qazlal.
  1594 | D:3      | Reached XP level 6. HP: 44/62 MP: 5/5
  1669 | D:3      | Found a shadowy altar of Dithmenos.
  2590 | D:4      | Reached skill level 5 in Unarmed Combat
  2648 | D:4      | Found a staircase to the Ecumenical Temple.
  2707 | D:4      | Reached XP level 7. HP: 55/71 MP: 6/6
  3012 | Temple   | Entered the Ecumenical Temple
  3106 | D:5      | Entered Level 5 of the Dungeon
  3244 | D:5      | Learned a level 5 spell: Blade Hands
  3351 | D:5      | Found a broken altar of Ashenzari.
  3419 | D:5      | Noticed Pikel
  3445 | D:5      | HP: 2/71 [Pikel (6)]
  3445 | D:5      | The Shining One protects you from harm!
  3447 | D:5      | Killed Pikel
  3448 | D:5      | Reached skill level 5 in Fighting
  3448 | D:5      | Reached skill level 5 in Dodging
  3448 | D:5      | Reached skill level 6 in Unarmed Combat
  3448 | D:5      | Reached skill level 1 in Spellcasting
  3448 | D:5      | Reached skill level 1 in Transmutations
  3448 | D:5      | Reached XP level 8. HP: 4/80 MP: 6/8
  3455 | D:5      | Reached **** piety under the Shining One
  3996 | D:6      | Noticed Edmund
  4005 | D:6      | HP: 4/81 [Edmund (11)]
  4005 | D:6      | The Shining One protects you from harm!
  4005 | D:6      | The Shining One protects you from harm!
  4006 | D:6      | HP: 1/81 [adder (3)]
  4006 | D:6      | Mangled by Edmund

Illustrated notes

Levels and vault maps discovered:
D:1:      grunt_arrival_crossed_arrows, layout_basic
D:2:      layout_basic, shapermc_ecumenical_altar_notcrosses,
          minmay_pentomino_x4, uniq_robin
D:3:      layout_loops_ring, mainiacjoe_overflow_paths, old_standard_altar,
          serial_shops, nicolae_shop_stone, uniq_sigmund
D:4:      layout_rooms, lemuel_temple_firewalk_b, serial_bayou_pond_a
D:5:      layout_cave_pods, old_standard_altar, uniq_pikel
D:6:      layout_basic, minmay_misc_feat_rows, minmay_misc_feat_columns,
          hex_large, minmay_misc_feat_ornament, uniq_edmund
Temple:   nicolae_temple_x_marks_the_god

Skill      XL: |  1  2  3  4  5  6  7  8 |
---------------+-------------------------+-----
Fighting       | 3 4 5 |  5.6
Dodging        | 3 4 5 |  5.5
Unarmed Combat | 4 5 6 |  6.7
Spellcasting   | 1 |  1.9
Transmutations | 1 2 |  2.3
Stealth        | |  1.0

Action                   |  1- 3 |  4- 6 |  7- 9 || total
-------------------------+-------+-------+-------++-------
Melee: Unarmed           |    85 |   105 |   101 ||   291
       Punch             |     1 |     3 |     5 ||     9
 Stab: Sleeping          |     2 |       |       ||     2
Armor: Robe              |    21 |    30 |    22 ||    73
Dodge: Dodged            |    29 |    43 |    60 ||   132

Table legend: (Time is in decaauts)
 A = Elapsed time spent in this place.
 B = Non-inter-level travel time spent in this place.
 C = Inter-level travel time spent in this place.
 D = Time resting spent in this place.
 E = Time spent auto-exploring this place.
 F = Levels seen in this place.
 G = Mean time per level.
                   A        B        C        D        E       F      G
               +--------+--------+--------+--------+--------+-----+--------+
         Total |   3984 |   3724 |    260 |      0 |   3123 |   7 |  569.1 |
       Dungeon |   3926 |   3673 |    253 |      0 |   3073 |   6 |  654.3 |
        Temple |     58 |     51 |      7 |      0 |     50 |   1 |   58.0 |
               +--------+--------+--------+--------+--------+-----+--------+

Top non-repeatable levels by time:
     D:2: 1019 daAuts
     D:5: 818 daAuts
     D:1: 758 daAuts
     D:3: 690 daAuts
     D:4: 569 daAuts
     D:6: 70 daAuts
  Temple: 58 daAuts
